AoeStats
← 西安兰花

Arena

509611501Analyzed
1v1 RM · 3d ago on Sep 27, 2026· 44m 59s· 2 players
Game mode
Random Map
Map size
Tiny (2 player)
Population
200
Speed
Normal
Resources
Standard
Victory
Conquest
Starting age
Dark Age
Ending age
Imperial Age
RankedLock teamsTeams togetherTeam positionsShared explorationLock speedFull tech treeHidden civsTurbo modeCheats
Victory
Defeat
🇨🇳 Franks · China
767
+16
🇨🇳 Spanish · China
760
-16
小左呀
7:05 Loom
11:18 Feudal Age
12:10 Double-Bit Axe
12:09 Horse Collar
19:30 Castle Age
18:48 Bloodlines
22:57 Heavy Plow
26:53 Husbandry
30:07 Fletching
30:23 Scale Barding Armor
30:28 Forging
30:20 Padded Archer Armor
30:23 Scale Mail Armor
33:44 Imperial Age
36:11 Bodkin Arrow
36:25 Capped Ram
36:57 Cavalier
38:42 Bow Saw
39:42 Chemistry
39:58 Wheelbarrow
41:55 Chain Barding Armor
42:10 Iron Casting
41:37 Scale Mail Armor
41:59 Leather Archer Armor
西安兰花
9:09 Loom
13:19 Feudal Age
19:49 Castle Age
17:50 Stone Mining
18:02 Double-Bit Axe
19:09 Scale Barding Armor
19:00 Gold Mining
20:47 Husbandry
31:27 Imperial Age
29:44 Wheelbarrow
28:56 Town Watch
29:31 Bow Saw
29:59 Gold Shaft Mining
30:41 Chain Barding Armor
30:22 Scale Mail Armor
30:33 Forging
30:55 Ordonnance Companies
31:45 Padded Archer Armor
31:35 Fletching
32:28 Elite Throwing Axeman
33:28 Chain Mail Armor
34:53 Iron Casting
34:35 Leather Archer Armor
35:14 Conscription
34:54 Bodkin Arrow
36:04 Plate Mail Armor
36:10 Plate Barding Armor
35:03 Cavalier
36:54 Hoardings
40:18 Blast Furnace
39:55 Plate Barding Armor
39:59 Chivalry
40:33 Light Cavalry
41:54 Hand Cart
43:47 Paladin
Connection lost

Rejoining the realm…

Still unreachable

The connection could not be restored.

Session expired

The server has moved on; the page needs a fresh start.